 Dungeon Crawl Stone Soup version 0.30.0-16-gbe6223bb7e (webtiles) character file.

Game seed: 14699986141406840371

20239 NotreDorf the Impaler (level 12, -2/157 HPs)
             Began as a Merfolk Berserker on May 20, 2023.
             Was a High Priest of Trog.
             Succumbed to poison (poison gas)
             ... on level 11 of the Dungeon.
             The game lasted 00:44:02 (10604 turns).

NotreDorf the Impaler (Merfolk Berserker)          Turns: 10604, Time: 00:44:03

Health: -2/157     AC: 11    Str: 25    XL:     12   Next: 77%
Magic:  12/12      EV: 23    Int:  7    God:    Trog [*****.]
Gold:   644        SH:  5    Dex: 13    Spells: 11/11 levels left

rFire   . . .        l - +5 Lochaber axe {reach-cleave, Poleaxe Drain}
rCold   + . .        (shield currently unavailable)
rNeg    . . .        v - +0 ring mail of Melancholy {Rampage rC+ Str+3 Slay+3}
rPois   .            p - +2 helmet
rElec   .            (no cloak)
rCorr   .            G - +2 pair of gloves
SInv    +            (no boots)
Will    .....        e - amulet of reflection Stlth
                     h - +5 ring of evasion
HPRegen 0.46/turn    s - ring of see invisible
MPRegen 0.13/turn

%: reflection, rampage
@: berserking, lethally poisoned (-2 -> -57), very quick
A: (nimble swimmer 2), mertail
a: Renounce Religion, Berserk, Trog's Hand, Brothers in Arms


You were on level 11 of the Dungeon.
You worshipped Trog.
Trog was extremely pleased with you.
You visited 1 branch of the dungeon, and saw 11 of its levels.

You collected 728 gold pieces.
You spent 84 gold pieces at shops.

Inventory:

Hand Weapons
 l - the +5 Lochaber axe (weapon) {reach-cleave, Poleaxe Drain}
   (You found it on level 11 of the Dungeon)

   Poleaxe:   It uses either Axes or Polearms skill, whichever is higher.
   Drain:     It drains your maximum health when unequipped.
 o - the +10 battleaxe of Parsimonious Hubris {heavy, rPois rN+ Str+7}
   (Trog gifted it to you on level 11 of the Dungeon)

   Str:       It affects your strength (+7).
   rPois:     It protects you from poison.
   rN:        It protects you from negative energy.
 B - a +2 vampiric spear
 E - a +0 halberd of freezing
Missiles
 f - 70 stones (quivered)
Armour
 p - a +2 helmet (worn)
 v - the +0 ring mail of Melancholy (worn) {Rampage rC+ Str+3 Slay+3}
   (You took it off an orc warrior on level 6 of the Dungeon)

   Str:       It affects your strength (+3).
   Slay:      It affects your accuracy & damage with ranged weapons and melee
   (+3).
   rC:        It protects you from cold.
   Rampage:   It bestows one free step when moving towards enemies.
 G - a +2 pair of gloves (worn)
 I - a +2 robe of positive energy
Jewellery
 e - an amulet of reflection (around neck)
 h - a +5 ring of evasion (left hand)
 s - a ring of see invisible (right hand)
 t - a ring of protection from cold
 F - a ring of willpower
Wands
 c - a wand of iceblast (4)
 u - a wand of light (7)
 A - a wand of flame (33)
 H - a wand of polymorph (8)
Scrolls
 g - 6 scrolls of teleportation
 j - 9 scrolls of identify
 m - 3 scrolls of fog
 n - 3 scrolls of enchant armour
 y - 3 scrolls of fear {unknown}
 z - 5 scrolls of enchant weapon {unknown}
 C - a scroll of poison {unknown}
 D - a scroll of blinking {unknown}
Potions
 a - a potion of flight
 b - 2 potions of lignification {unknown}
 d - 4 potions of curing
 i - 4 potions of heal wounds
 k - 3 potions of haste
 q - a potion of might {unknown}
 r - 4 potions of ambrosia {unknown}
 w - 4 potions of attraction {unknown}
 x - a potion of brilliance {unknown}


   Skills:
 + Level 13.6 Fighting
 + Level 15.9 Polearms
 - Level 1.3 Armour
 + Level 15.6 Dodging


You had 11 spell levels left.
You didn't know any spells.
Your spell library was empty.

Dungeon Overview and Level Annotations

Branches:
Dungeon (11/15)            Temple (0/1) D:4            Lair (0/5) D:10
    Orc (0/2) D:10

Altars:
Dithmenos
Elyvilon
Hepliaklqana
Kikubaaqudgha
Makhleb
Ru
Sif Muna
Trog
Vehumet
Xom
Yredelemnul
The Shining One

Shops:
D:3 ?   D:7 (*(

Portals:
Abyss: D:6

Annotations:
D:2 1 runed translucent door, Crazy Yiuf
D:6 2 transporters, pdpol's ghost, amateur MiFi
D:10 exclusion: orange crystal statue


Innate Abilities, Weirdness & Mutations

((You are very nimble when in or above water. (Stealth+, EV+, Speed+++)))
Your lower body shifts to a powerful aquatic tail in water.


Message History

You feel very sick.
The vampire mosquito completely misses you.
The vampire mosquito misses you.
The swamp dragon breathes poison at you.
The blast of poison engulfs the vampire mosquito.
The vampire mosquito completely resists.
A red film seems to cover your vision as you go berserk!
You feel yourself moving faster!
You feel mighty!
You are engulfed in poison gas.
You are more poisoned.
You feel extremely sick. The vampire mosquito misses you. x2
You slice the vampire mosquito!!
You destroy the vampire mosquito!
Trog accepts your kill.
You slash the swamp dragon!
You are engulfed in poison gas.
You are more poisoned.
* * * LOW HITPOINT WARNING * * *
x2 You feel extremely sick.
You slash the swamp dragon!
The swamp dragon is almost dead.
You are engulfed in poison gas.
You are lethally poisoned!
* * * LOW HITPOINT WARNING * * *
x2 You feel extremely sick.
The swamp dragon completely misses you. The swamp dragon misses you.
The swamp dragon barely misses you.
You slash the swamp dragon!
You kill the swamp dragon!
Trog accepts your kill.
You are engulfed in poison gas.
You are more poisoned.
* * * LOW HITPOINT WARNING * * *
x2 You feel extremely sick.
You are too berserk!
Okay, then.
You are too berserk!
Really walk into that cloud of poison gas?
Okay, then.
You die...

# #.# ## # #########.###
# #.# .. ##. ..##.......#
###.# . #.. ##
..#..###... ....#..
#)#.##$ #.#.##.##..
..).#. °#°#$ #.#.#.#.#..
###..# .). #...#.###..
###.## #°# #.#.##.....
#...# #.## ##.#..##...#
#.#.# #
#°@#####..#...##### #.#.#
.## ##.......###....
....#####.#########(#####
###.# #
....#...#.#...#|.##.## )#
....
##..#.#.#.#)#.#..#...#☼.#
###
###.#.#...#...###).#..##
. #. #
#.#.#...#.!.##).###..##.#
## # #...#.#.#.#.)).##
#.... #. #
#.#...#...#.##(.###..##.#
##


There were no monsters in sight!

Vanquished Creatures
  A boulder beetle (D:11)
  2 two-headed ogres
  Erica (D:10)
  A tengu warrior (D:11)
  A skeletal warrior (D:11)
  A swamp dragon (D:11)
  A wolf spider (D:11)
  4 cyclopes
  A manticore (D:11)
  A gargoyle (D:10)
  An unseen horror (D:11)
  2 kobold demonologists (D:11)
  An efreet (D:11)
  A polar bear (D:10)
  2 hornets
  A shadow (D:11)
  2 centaur simulacra (D:10)
  2 vampires
  3 wraiths
  24 yaks
  8 wyverns
  A basilisk (D:11)
  An unseen horror simulacrum (D:10)
  5 vampire mosquitoes (D:11)
  A human (shapeshifter) (D:11)
  3 steam dragons
  7 water moccasins
  2 ice beasts (D:6)
  3 orc warriors
  A black bear (D:5)
  3 sky beasts
  2 ogres
  5 centaurs
  3 kobold brigands
  3 bullfrogs
  9 scorpions
  3 gnoll sergeants
  3 wights (D:8)
  7 howler monkeys
  2 electric eels (D:10)
  2 gnoll boudas
  3 hounds
  7 jellies
  5 orc priests
  2 sleepcaps (D:6)
  Jessica (D:2)
  3 iguanas
  2 orc wizards (D:11)
  23 gnolls
  7 adders
  A howler monkey simulacrum (D:10)
  4 white imps
  2 ufetubi (D:5)
  3 dart slugs
  21 orcs
  5 endoplasms
  2 giant cockroaches
  7 goblins
  5 hobgoblins
  6 jackals
  17 kobolds
  2 quokkas
  2 ball pythons
  5 bats
  6 frilled lizards
  7 rats
275 creatures vanquished.

Vanquished Creatures (others)
  An orc (D:6)
1 creature vanquished.

Grand Total: 276 creatures vanquished

Notes
Turn   | Place    | Note
-------+----------+-------------------------------------------
     0 | D:1      | NotreDorf the Merfolk Berserker began the quest for the
                  | Orb.
     0 | D:1      | Reached XP level 1. HP: 18/18 MP: 1/1
   154 | D:1      | Reached XP level 2. HP: 24/24 MP: 2/2
   354 | D:1      | Reached XP level 3. HP: 30/30 MP: 3/3
   445 | D:1      | Reached ** piety under Trog
   679 | D:2      | Found a faded altar of an unknown god.
   715 | D:2      | Noticed Jessica
   728 | D:2      | Killed Jessica
   729 | D:2      | Reached skill level 5 in Polearms
   729 | D:2      | Reached XP level 4. HP: 37/37 MP: 4/4
  1324 | D:2      | Found a sacrificial altar of Ru.
  1698 | D:2      | Found a runed translucent door.
  1699 | D:2      | Noticed Crazy Yiuf
  2029 | D:3      | Reached XP level 5. HP: 17/43 MP: 5/5
  2219 | D:3      | Found a white marble altar of Elyvilon.
  2395 | D:3      | Found Vibbot's Magic Scroll Boutique.
  2402 | D:3      | Bought a scroll of identify for 24 gold pieces
  2402 | D:3      | Bought a scroll of teleportation for 36 gold pieces
  2402 | D:3      | Bought a scroll of identify for 24 gold pieces
  2735 | D:4      | Found a staircase to the Ecumenical Temple.
  2747 | D:4      | Reached skill level 5 in Dodging
  2747 | D:4      | Reached XP level 6. HP: 47/50 MP: 6/6
  3044 | D:4      | Reached skill level 5 in Fighting
  3323 | D:5      | Entered Level 5 of the Dungeon
  3509 | D:5      | Noticed a black bear
  3514 | D:5      | Killed a black bear
  3515 | D:5      | Reached XP level 7. HP: 44/56 MP: 7/7
  3905 | D:5      | Reached *** piety under Trog
  4251 | D:6      | Reached XP level 8. HP: 53/65 MP: 8/8
  4312 | D:6      | Identified the +0 ring mail of Melancholy {Rampage rC+
                  | Str+3 Slay+3}
  4890 | D:6      | Noticed an ancient zyme
  4900 | D:6      | Found a transporter.
  4907 | D:6      | Found a transporter.
  4913 | D:6      | Noticed pdpol's ghost (amateur MiFi)
  4914 | D:6      | Found a one-way gate to the infinite horrors of the Abyss.
  4926 | D:6      | Noticed a hell hog
  5154 | D:6      | Reached XP level 9. HP: 68/74 MP: 9/9
  5356 | D:6      | Reached skill level 10 in Polearms
  5399 | D:6      | Reached skill level 10 in Dodging
  5685 | D:7      | Reached **** piety under Trog
  5715 | D:7      | Found a shimmering altar of Xom.
  5723 | D:7      | Found a shimmering altar of Xom.
  5724 | D:7      | Found a shimmering altar of Xom.
  5725 | D:7      | Found a shimmering altar of Xom.
  5727 | D:7      | Found a shimmering altar of Xom.
  5743 | D:7      | Found Sysarif's Weapon Emporium.
  5785 | D:7      | Found Juteapsa's Assorted Antiques.
  5895 | D:7      | Noticed a hornet
  5903 | D:7      | Paralysed by a hornet for 2 turns
  5921 | D:7      | Killed a hornet
  5922 | D:7      | Reached XP level 10. HP: 16/83 MP: 10/10
  6149 | D:7      | Found a hazy altar of Hepliaklqana.
  6158 | D:7      | Found a shadowy altar of Dithmenos.
  6220 | D:7      | Found Gutsudu's Antique Weapon Shop.
  6289 | D:7      | Noticed a guardian serpent
  6340 | D:7      | Noticed an eye of devastation
  6494 | D:7      | Found a basalt altar of Yredelemnul.
  6494 | D:7      | Found a radiant altar of Vehumet.
  6555 | D:7      | Found a shimmering blue altar of Sif Muna.
  6555 | D:7      | Found a sacrificial altar of Ru.
  6563 | D:7      | Found a burning altar of Makhleb.
  6565 | D:7      | Found a faded altar of an unknown god.
  6567 | D:7      | Found an ancient bone altar of Kikubaaqudgha.
  6703 | D:7      | Noticed a spark wasp
  6703 | D:7      | Noticed a faun
  6703 | D:7      | a spark wasp changed into a wolf spider
  6703 | D:7      | Noticed a wolf spider (shapeshifter)
  6862 | D:8      | Reached skill level 10 in Fighting
  7863 | D:9      | Noticed a cyclops
  7869 | D:9      | Killed a cyclops
  7873 | D:9      | Reached XP level 11. HP: 70/92 MP: 11/11
  8112 | D:9      | Found a bloodstained altar of Trog.
  8188 | D:10     | Entered Level 10 of the Dungeon
  8204 | D:10     | Reached ***** piety under Trog
  8759 | D:10     | Noticed Erica
  8783 | D:10     | Killed Erica
  8997 | D:10     | Found a staircase to the Orcish Mines.
  9007 | D:10     | Found a staircase to the Lair.
  9017 | D:10     | Identified the +6 flail of Callousness {heavy, Int+2 Dex+2}
  9074 | D:10     | Noticed a two-headed ogre
  9094 | D:10     | Killed a two-headed ogre
  9229 | D:10     | Found a glowing golden altar of the Shining One.
  9370 | D:10     | Noticed an orange crystal statue
  9951 | D:11     | Noticed a tengu warrior
  9951 | D:11     | Found the +5 Lochaber axe {reach-cleave, Poleaxe Drain}
  9959 | D:11     | Killed a tengu warrior
 10072 | D:11     | Noticed a skeletal warrior
 10079 | D:11     | Noticed a wolf spider
 10089 | D:11     | Killed a skeletal warrior
 10090 | D:11     | Reached XP level 12. HP: 48/103 MP: 12/12
 10098 | D:11     | Identified the +10 battleaxe of Parsimonious Hubris {heavy,
                  | rPois rN+ Str+7} (Trog gifted it to you on level 11 of the
                  | Dungeon)
 10098 | D:11     | Received a gift from Trog
 10104 | D:11     | Noticed a two-headed ogre
 10252 | D:11     | Noticed a two-headed ogre
 10253 | D:11     | Reached skill level 15 in Polearms
 10263 | D:11     | Killed a two-headed ogre
 10305 | D:11     | Identified the +0 chain mail of the Charming Gods {rC+}
 10333 | D:11     | Reached skill level 15 in Dodging
 10489 | D:11     | Noticed a boulder beetle
 10519 | D:11     | Killed a boulder beetle
 10603 | D:11     | HP: 6/157 [poison (poison gas)]
 10604 | D:11     | Succumbed to poison (poison gas)

Illustrated notes

Levels and vault maps discovered:
D:1:      co_arrival_two_rings, layout_loops_cross, skrybe_limestone_x
D:2:      layout_basic, basic_altar, serial_forest,
          infiniplex_forest_lined_room_3, infiniplex_forest_split,
          infiniplex_forest_corner_2, infiniplex_forest_lined_4_way,
          infiniplex_forest_split, hellmonk_ecumenical_altar_arch_garden,
          minmay_fractal_squares_gapless_5, uniq_crazy_yiuf_cottage,
          uniq_jessica
D:3:      layout_loops_cross, elyvilon_altar_5, serial_shops, shop,
          wad_floor_pattern_untrapped
D:4:      layout_basic, minmay_temple_entry_grid
D:5:      layout_basic
D:6:      kennysheep_windowed_halls, layout_loops_ring,
          gammafunk_ghost_abyssal_escape, minmay_diced_spiral
D:7:      layout_loops_ring, riverfiend_overflow_shadow_ancestor,
          xom_shifter_show, chequers_temple_overflow_minitemple,
          jmf_multi_god_temple, serial_shops, shop, shop,
          nicolae_shop_bloodbath_and_beyond
D:8:      layout_rooms
D:9:      layout_long_grid, lemuel_doored_altar
D:10:     layout_grid_maze, tso_metal_star, minmay_lair_entry_grove,
          david_orc_2, serial_ice, serial_ice_d, serial_ice_g, serial_ice_i,
          serial_ice_n, serial_ice_c, serial_ice_m, minmay_statue_bubble,
          uniq_erica
D:11:     minmay_the_grid_3x3 [minmay_the_grid_empty, minmay_the_grid_doors,
          minmay_the_grid_embedded, minmay_the_grid_slots,
          minmay_the_grid_broken_lines, minmay_the_grid_aliased_spiral,
          minmay_the_grid_dragon_b, minmay_the_grid_minigrid_medium,
          minmay_the_grid_prize_four_corners_diamond_a], layout_small_grid

Skill      XL: |  1  2  3  4  5  6  7  8  9 10 11 12 |
---------------+-------------------------------------+-----
Dodging        | 3 4 5 7 8 10 12 14 15 | 15.6
Fighting       | 4 5 6 7 9 10 12 13 | 13.6
Polearms       | 5 6 7 9 11 12 14 15 | 15.9
Armour         | |  1.3

Action                     |  1- 3 |  4- 6 |  7- 9 | 10-12 || total
---------------------------+-------+-------+-------+-------++-------
  Melee: Spear             |   100 |    91 |    31 |   100 ||   322
         Trident           |       |    44 |   274 |       ||   318
         Punch             |       |     1 |     2 |     1 ||     4
         Halberd           |       |       |       |   291 ||   291
         Tailslap          |       |       |       |    10 ||    10
         Unarmed           |       |       |       |     9 ||     9
         Lochaber axe      |       |       |       |    98 ||    98
  Throw: Stone             |       |       |    11 |    11 ||    22
 Invoke: Berserk           |       |     1 |     2 |     5 ||     8
         Trog's Hand       |       |       |       |     1 ||     1
  Evoke: Wand              |       |       |     1 |     3 ||     4
    Use: Scroll            |       |    11 |     1 |     5 ||    17
         Potion            |       |       |     4 |     1 ||     5
   Stab: Sleeping          |     3 |     2 |       |       ||     5
 Armour: Animal skin       |     9 |     5 |    10 |       ||    24
         Ring mail         |       |       |    11 |    50 ||    61
  Dodge: Dodged            |    47 |    78 |   210 |   355 ||   690
  Block: Other             |       |       |       |    45 ||    45
         Reflection        |       |       |       |     1 ||     1
